 Dungeon Crawl Stone Soup version 0.29.0-4-gdea44cf6ec (webtiles) character file.

Game seed: 14597197348180195610

20 qw the Chopper (level 2, -6/26 HPs)
             Began as a Minotaur Berserker on Sept 4, 2022.
             Was a Follower of Trog.
             Mangled by Sigmund
             ... wielding a +3 scythe of holy wrath
              (14 damage)
             ... on level 2 of the Dungeon.
             The game lasted 00:00:17 (660 turns).

qw the Chopper (Minotaur Berserker)                  Turns: 660, Time: 00:00:17

Health: -6/26      AC:  2    Str: 21    XL:     2   Next: 58%
Magic:  1/1        EV: 12    Int:  4    God:    Trog [*.....]
Gold:   78         SH:  0    Dex:  9    Spells: 1/1 levels left

rFire   . . .      SeeInvis .   Y - +1 hand axe
rCold   . . .      Faith    .   (no shield)
rNeg    . . .      Spirit   .   b - +0 animal skin
rPois   .          Reflect  .   (helmet restricted)
rElec   .          Harm     .   (no cloak)
rCorr   .          Rampage  .   (no gloves)
Will    +....                   (no boots)
Stlth   +.........              (no amulet)
HPRegen 0.08/turn               c - ring of willpower
MPRegen 0.07/turn               (no ring)

@: on berserk cooldown, slowed, very slow
A: horns 2, retaliatory headbutt
a: Renounce Religion, Berserk


You were on level 2 of the Dungeon.
You worshipped Trog.
Trog was aware of your devotion.
You visited 1 branch of the dungeon, and saw 2 of its levels.

You collected 78 gold pieces.


Innate Abilities, Weirdness & Mutations

You have a pair of horns on your head.
You reflexively headbutt those who attack you in melee.


   Skills:
 - Level 3.6 Fighting
 + Level 4.8 Axes
 - Level 2.4 Armour
 - Level 2.1 Dodging


You had one spell level left.
You didn't know any spells.
Your spell library was empty.

Inventory:

Hand Weapons
 m - a +0 whip of freezing
 Y - a +1 hand axe (weapon)
Armour
 b - a +0 animal skin (worn)
Jewellery
 c - a ring of willpower (left hand)
Scrolls
 a - a scroll of identify
Potions
 e - a potion of curing {unknown}
 f - a potion of lignification {unknown}
 h - a potion of magic {unknown}
 j - 2 potions of degeneration {unknown}

Dungeon Overview and Level Annotations

Branches:
Dungeon (2/15)

Altars:

Annotations:
D:2 Sigmund


Message History

Assign waypoint to what number? (0-9, D - delete waypoint) Waypoint 1 assigned to D:2.
Enter note:
j - 2 dark potions (gained 1)
You open the door.
Sigmund the Dreaded comes into view.
He is wielding a +3 scythe of holy wrath.
Sigmund shouts!
645 ||| Stepping ~*~*~tactically~*~*~ (hiding).
You start waiting.
Sigmund is nearby!
Sigmund gestures wildly while chanting.
Sigmund flickers and vanishes!
Deactivating autopickup; reactivate with Ctrl-A.
650 ||| INVOKING Berserk.
A red film seems to cover your vision as you go berserk!
You feel yourself moving faster!
You feel mighty!
You hear some strange, mumbled words.
A puff of flame appears from out of thin air!
The puff of flame hits you!
You swing at nothing.
You feel a strong urge to attack something.
You swing at nothing.
You hear some strange, mumbled words.
Something tries to affect you, but you resist.
You swing at nothing.
You feel your anger nearly subside. Something hits you!
You swing at nothing.
You are no longer berserk.
You are exhausted.
You feel yourself slow down.
A worm comes into view.
655 ||| FLEEEEING.
A magic dart appears from out of thin air!
The magic dart hits you!
You hear some strange, mumbled words.
Something tries to affect you, but you resist.
Something hits you!
Ouch! That really hurt!
You die...

##+## ##...##
##.....##
##....@..##
####.........#
.........{...+
.##..........#
#.#.......## #
##.....##
##.>.## ##'##
#.#


There were no monsters in sight!

Vanquished Creatures
  2 ball pythons (D:1)
  An endoplasm (D:1)
  5 goblins (D:1)
  3 hobgoblins (D:1)
  2 kobolds (D:1)
  A quokka (D:1)
  A bat (D:1)
  A frilled lizard (D:1)
  A rat (D:1)
17 creatures vanquished.

Notes
Turn   | Place    | Note
-------+----------+-------------------------------------------
     0 | D:1      | qw the Minotaur Berserker began the quest for the Orb.
     0 | D:1      | Reached XP level 1. HP: 19/19 MP: 0/0
     0 | D:1      | 0 ||| qw: Version: 0.1-a-103-gd6f5d3a
     0 | D:1      | 0 ||| qw: Game counter: 5753
     0 | D:1      | 0 ||| qw: Always use a shield: true
     0 | D:1      | 0 ||| qw: Do Orc after D:15 true
     0 | D:1      | 0 ||| qw: Do second Lair branch before Depths: true
     0 | D:1      | 0 ||| qw: Lair rune preference: random
     0 | D:1      | 0 ||| qw: Plans: Normal
     0 | D:1      | 0 ||| PLANNING D:1-11
    19 | D:1      | 19 ||| Stepping ~*~*~tactically~*~*~ (stealth).
    23 | D:1      | 23 ||| Stepping ~*~*~tactically~*~*~ (stealth).
    28 | D:1      | Reached skill level 4 in Axes
    46 | D:1      | 46 ||| Stepping ~*~*~tactically~*~*~ (stealth).
    47 | D:1      | 47 ||| Stepping ~*~*~tactically~*~*~ (stealth).
    51 | D:1      | 51 ||| Stepping ~*~*~tactically~*~*~ (stealth).
    59 | D:1      | Reached XP level 2. HP: 15/26 MP: 1/1
    65 | D:1      | 65 ||| INVOKING Berserk.
   384 | D:1      | Found a faded altar of an unknown god.
   523 | D:1      | 523 ||| DROPPING +0 whip.
   625 | D:1      | 625 ||| UPGRADING to ring of willpower.
   626 | D:1      | 626 ||| READING 2 scrolls labelled JIRREJ KIATOYT.
   627 | D:1      | 627 ||| READING scroll labelled NYISOROAVA.
   628 | D:1      | 628 ||| READING scroll labelled PEUSAN AXOINOI.
   631 | D:1      | 631 ||| READING scroll labelled ZIF URGHIAW.
   644 | D:2      | Noticed Sigmund
   645 | D:2      | 645 ||| Stepping ~*~*~tactically~*~*~ (hiding).
   650 | D:2      | 650 ||| INVOKING Berserk.
   655 | D:2      | 655 ||| FLEEEEING.
   660 | D:2      | Mangled by Sigmund

Levels and vault maps discovered:
D:1:      eino_arrival_tree_alley, layout_rooms,
          hellmonk_ecumenical_altar_pennies_from_heaven
D:2:      layout_loops_corners, uniq_natasha, uniq_sigmund

Skill      XL: |  1 |
---------------+----+-----
Axes           | 4 |  4.8
Fighting       | |  3.6
Armour         | |  2.4
Dodging        | |  2.1

Action                   || total
-------------------------++-------
Melee: Hand axe          ||    29
       Headbutt          ||     6
Invok: Berserk           ||     2
  Use: Scroll            ||     4
Dodge: Dodged            ||    14

Table legend:
 A = Non-vault XP
 B = Vault XP
 C = Vault XP percentage of total XP
 D = Non-vault monster count
 E = Vault monster count
 F = Vault count percentage of total count
                 A         B        C        D         E       F
            +---------+---------+-------+---------+---------+-------
      Total |      29 |       0 |   0.0 |      17 |       0 |   0.0
            +---------+---------+-------+---------+---------+-------
        D:1 |      29 |       0 |   0.0 |      17 |       0 |   0.0
            +---------+---------+-------+---------+---------+-------
